 Dungeon Crawl Stone Soup version 0.25.0-37-gb73750e0fb (webtiles) character file.

Game seed: 18276465766902839632

641 KleinerIrrer the Gusty (level 7, -3/48 HPs)
             Began as a Demonspawn Air Elementalist on July 8, 2020.
             Killed from afar by Dowan (13 damage)
             ... with a shard of ice
             ... on level 4 of the Dungeon.
             The game lasted 00:13:44 (5354 turns).

KleinerIrrer the Gusty (DsAE)                       Turns: 5354, Time: 00:13:45

Health: -3/48      AC:  6    Str:  8    XL:     7   Next: 26%
Magic:  13/14      EV: 13    Int: 18    God:
Gold:   148        SH:  0    Dex: 20    Spells: 5/15 levels left

rFire    + . .     SeeInvis .   e - +4 quarterstaff (chaos)
rCold    + . .     Gourm    .   (shield currently unavailable)
rNeg     . . .     Faith    .   u - +1 robe {rC+}
rPois    .         Spirit   .   (helmet restricted)
rElec    .         Reflect  .   g - +0 cloak
rCorr    .         Harm     .   p - +0 pair of gloves
MR       .....                  m - +0 pair of boots
Stlth    ++........             (no amulet)
HPRegen  1.16/turn              t - +6 ring of dexterity
MPRegen  0.14/turn              (no ring)

@: no status effects
A: antennae 1, claws 1, hooves 1, fire resistance 1, powered by death 1
a: no special abilities


You were on level 4 of the Dungeon.
You were not hungry.

You visited 1 branch of the dungeon, and saw 4 of its levels.

You collected 148 gold pieces.

Inventory:

Hand Weapons
 e - a +4 quarterstaff of chaos (weapon)
Missiles
 d - 2 throwing nets (quivered)
 l - 85 sling bullets
 n - 80 stones
Armour
 g - a +0 cloak (worn)
 m - a +0 pair of boots (worn)
 p - a +0 pair of gloves (worn)
 u - a +1 robe of cold resistance (worn)
Jewellery
 t - a +6 ring of dexterity (left hand)
 z - an uncursed amulet of reflection {unknown}
Wands
 j - a wand of flame (27)
 w - a wand of random effects (13)
Scrolls
 f - a scroll of blinking
 h - 2 scrolls of fog
 k - 2 scrolls of teleportation
 o - a scroll of remove curse {unknown}
 q - a scroll of random uselessness {unknown}
 r - 3 scrolls of amnesia {unknown}
 s - 2 scrolls of magic mapping {unknown}
 y - 2 scrolls of identify
Potions
 a - a potion of degeneration {unknown}
 b - 2 potions of might
 i - a potion of stabbing
 v - a potion of brilliance
Comestibles
 c - 10 rations
 x - 5 chunks of flesh


   Skills:
 + Level 1.2 Fighting
 + Level 2.3 Dodging
 - Level 1.7 Stealth
 + Level 4.7 Spellcasting
 + Level 3.7 Conjurations
 + Level 4.8 Air Magic


You had 5 spell levels left.
You knew the following spells:

 Your Spells              Type           Power        Failure   Level  Hunger
a - Shock                 Conj/Air       ###.         2%          1    None
b - Swiftness             Chrm/Air       ##......     8%          2    #......
c - Static Discharge      Conj/Air       ###.....     7%          3    ###....
d - Airstrike             Air            ###.......   19%         4    ####...

Your spell library contained the following spells:

 Spells                   Type           Power        Failure   Level  Hunger
 Lightning Bolt           Conj/Air       ###.......   54%         5    ######.


Dungeon Overview and Level Annotations

Branches:
Dungeon (4/15)
 Temple: D:4-7

Altars:
Dithmenos
Elyvilon
Trog

Annotations:
D:4 Dowan


Innate Abilities, Weirdness & Mutations

You have a pair of small antennae on your head.
You have sharp fingernails.
You have large cloven feet.
Your flesh is heat resistant. (rF+)
You regenerate a little health from kills.


Message History

You kill Duvessa!
Dowan screams, "No!
No!"
Dowan seems to find hidden reserves of power!
Dowan gestures at you while chanting. The stone arrow hits you!
* * * LOW HITPOINT WARNING * * *
Dowan hits you but does no damage.
You sock Dowan!
You feel better.
Dowan is heavily wounded.
Dowan hits you with a +0 dagger of speed.
* * * LOW HITPOINT WARNING * * *
Dowan closely misses you. x2
Unknown command.
You hit Dowan. You freeze Dowan.
Dowan is almost dead.
Dowan casts a spell.
Dowan blinks!
Dowan casts a spell at you. The shard of ice hits you! You partially resist.
You die...

#####
###...###########
##................
#.............#
###.....#.@##
#.[.#####.# .
##.### #.)# ...
##.## ##e#
...###.## #.
.......# #.
......## #.
.......#### ..
..........#### .#


You could see Dowan (fast).

Vanquished Creatures
  Duvessa (D:4)
  2 scorpions
  A crimson imp (D:2)
  A hound (D:3)
  An iguana (D:4)
  Crazy Yiuf (D:2)
  Jessica (D:2)
  Terence (D:1)
  Natasha (twice) (D:3)
  2 worker ants (D:4)
  4 adders
  4 gnolls (D:2)
  An ooze (D:2)
  3 worms
  5 leopard geckos
  8 orcs
  6 giant cockroaches
  4 goblins
  11 hobgoblins
  A quokka (D:2)
  A ball python (D:2)
  10 bats
  A frilled lizard (D:3)
  5 kobolds
  8 rats
85 creatures vanquished.

Vanquished Creatures (others)
  A gnoll (D:4)
1 creature vanquished.

Grand Total: 86 creatures vanquished

Notes
Turn   | Place    | Note
-------+----------+-------------------------------------------
     0 | D:1      | KleinerIrrer the Demonspawn Air Elementalist began the
                  | quest for the Orb.
     0 | D:1      | Reached XP level 1. HP: 13/13 MP: 3/3
   465 | D:1      | Gained mutation: You regenerate a little health from kills.
                  | [demonic ancestry]
   465 | D:1      | Reached XP level 2. HP: 18/19 MP: 0/5
  1189 | D:2      | Noticed Terence
  1197 | D:1      | Gained mutation: You have large cloven feet. [demonic
                  | ancestry]
  1197 | D:1      | Reached XP level 3. HP: 24/24 MP: 1/6
  1392 | D:2      | Learned a level 2 spell: Swiftness
  1588 | D:2      | Learned a level 3 spell: Static Discharge
  1716 | D:1      | Killed Terence
  1716 | D:1      | Gained mutation: You have a pair of small antennae on your
                  | head. [demonic ancestry]
  1716 | D:1      | Reached XP level 4. HP: 13/30 MP: 0/8
  1904 | D:2      | Found a white marble altar of Elyvilon.
  2351 | D:2      | Reached XP level 5. HP: 29/35 MP: 2/9
  2537 | D:2      | Noticed Jessica
  2539 | D:2      | Killed Jessica
  2733 | D:2      | Found a runed translucent door.
  2734 | D:2      | Noticed Crazy Yiuf
  2743 | D:2      | Killed Crazy Yiuf
  2985 | D:2      | Gained mutation: Your flesh is heat resistant. (rF+)
                  | [demonic ancestry]
  2985 | D:2      | Reached XP level 6. HP: 34/41 MP: 1/11
  3124 | D:2      | Found a bloodstained altar of Trog.
  3277 | D:2      | Found a shadowy altar of Dithmenos.
  3751 | D:3      | Learned a level 4 spell: Airstrike
  4480 | D:3      | Noticed Natasha
  4484 | D:3      | Killed Natasha
  4484 | D:3      | Reached skill level 1 in Fighting
  4610 | D:3      | Noticed Natasha
  4619 | D:3      | Killed Natasha
  5077 | D:4      | Gained mutation: You have sharp fingernails. [demonic
                  | ancestry]
  5077 | D:4      | Reached XP level 7. HP: 46/48 MP: 5/13
  5336 | D:4      | Noticed Duvessa
  5336 | D:4      | Noticed Dowan
  5351 | D:4      | Killed Duvessa
  5354 | D:4      | Killed from afar by Dowan

Illustrated notes

Levels and vault maps discovered:
D:1:      psy_arrival_statuary, layout_basic, minmay_unequal
D:2:      layout_loops_ring, lemuel_doored_altar, lemuel_crystal_altar,
          first_ration, kennysheep_minor_cross, hangedman_decor_push,
          nicolae_dithmenos_through_a_glass_darkly, uniq_terence,
          uniq_crazy_yiuf_cottage, uniq_jessica
D:3:      layout_basic, uniq_natasha
D:4:      layout_layer_cave, grunt_temple_overflow_holy_war, uniq_duvessa,
          uniq_pikel

Skill      XL: |  1  2  3  4  5  6 |
---------------+-------------------+-----
Air Magic      | 3 4 |  4.8
Dodging        | 2 |  2.3
Conjurations   | 2 3 |  3.7
Spellcasting   | 3 4 |  4.7
Fighting       | 1 |  1.2
Stealth        | |  1.7

Action                   |  1- 3 |  4- 6 |  7- 9 || total
-------------------------+-------+-------+-------++-------
Melee: Dagger            |     9 |       |       ||     9
       Unarmed           |     1 |       |       ||     1
       Spear             |    34 |     6 |       ||    40
       Quarterstaff      |       |    10 |    16 ||    26
 Cast: Shock             |    64 |   148 |     9 ||   221
  Use: Scroll            |       |     7 |       ||     7
 Stab: Sleeping          |     2 |       |       ||     2
       Confused          |       |       |     1 ||     1
  Eat: Chunk             |     3 |    10 |     1 ||    14
Armor: Robe              |    13 |     7 |     2 ||    22
Dodge: Dodged            |    41 |    15 |    10 ||    66
